 Dungeon Crawl Stone Soup version 0.31-a0-844-gdc52ec4e09 (webtiles) character file.

Game seed: 17163594858874829929

413 Dirtsage the Chopper (level 6, -13/47 HPs)
             Began as a Demonspawn Berserker on Sept 28, 2023.
             Was a Priest of Trog.
             Mangled by an ogre
             ... wielding a +0 giant club
              (18 damage)
             ... on level 4 of the Dungeon.
             The game lasted 00:03:05 (2526 turns).

Dirtsage the Chopper (Demonspawn Berserker)         Turns: 2526, Time: 00:03:06

Health: -13/47     AC: 12    Str: 19    XL:     6   Next: 59%
Magic:  6/6        EV:  6    Int:  9    God:    Trog [***...]
Gold:   118        SH:  0    Dex: 12    Spells: 5/5 levels left

rFire   . . .        e - +1 hand axe (drain)
rCold   . . .        (no shield)
rNeg    . . .        c - +0 plate armour {Will+}
rPois   .            (no helmet)
rElec   .            (no cloak)
rCorr   .            (no gloves)
SInv    .            (no boots)
Will    +....        f - amulet of faith Stlth
                     (no ring)
HPRegen 0.27/turn    (no ring)
MPRegen 0.10/turn

%: faith
@: on berserk cooldown, slowed, very slow
A: icy blue scales 1, demonic magic 1, weakness stinger 1
a: Renounce Religion, Berserk, Trog's Hand


You were on level 4 of the Dungeon.
You worshipped Trog.
Trog was most pleased with you.
You visited 1 branch of the dungeon, and saw 4 of its levels.

You collected 118 gold pieces.

Inventory:

Hand Weapons
 a - a +0 hand axe
 e - a +1 hand axe of draining (weapon)
Missiles
 r - a throwing net
Armour
 b - a +0 animal skin
 c - a +0 plate armour of willpower (worn)
Jewellery
 f - an amulet of faith (around neck)
Scrolls
 g - a scroll of revelation {unknown}
 h - a scroll of amnesia {unknown}
 l - 3 scrolls of immolation {unknown}
 m - a scroll of teleportation {unknown}
 o - 2 scrolls of enchant weapon {unknown}
 p - a scroll of poison {unknown}
 q - 4 scrolls of identify {unknown}
 s - 3 scrolls of fear {unknown}
Potions
 d - a potion of mutation {unknown}
 i - a potion of brilliance {unknown}
 j - a potion of ambrosia {unknown}
 k - a potion of degeneration {unknown}
 n - a potion of attraction {unknown}
 t - a potion of curing {unknown}


   Skills:
 - Level 3.0 Fighting
 + Level 6.9 Axes
 - Level 1.7 Armour
 - Level 1.7 Dodging


You had 5 spell levels left.
You didn't know any spells.
Your spell library contained the following spells:

 Spells                   Type           Power      Damage    Failure   Level
 Apportation              Tloc           0%         N/A       100%        1
 Necrotise                Necr           0%         1d4       100%        1
 Slow                     Hex            0%         N/A       100%        1
 Summon Small Mammal      Summ           0%         N/A       100%        1
 Ensorcelled Hibernation  Hex/Ice        0%         N/A       100%        2
 Passwall                 Tmut/Erth      0%         N/A       100%        2
 Confusing Touch          Hex            0%         N/A       100%        3
 Dazzling Flash           Conj/Hex       0%         N/A       100%        3
 Sigil of Binding         Hex            0%         N/A       100%        3
 Swiftness                Air            0%         N/A       100%        3
 Vampiric Draining        Necr           0%         2d6       100%        3
 Agony                    Necr           0%         N/A       100%        5
 Silence                  Hex/Air        0%         N/A       100%        5


Dungeon Overview and Level Annotations

Branches:
Dungeon (4/15)
 Temple: D:4-7

Altars:
Dithmenos
Okawaru


Innate Abilities, Weirdness & Mutations

You are partially covered in icy blue scales. (AC +2)
Spells you cast may paralyse adjacent enemies.
You have a small tail.


Message History

The killer bee barely misses you.
The killer bee stings you but does no damage.
The giant cockroach bites you but does no damage.
You take 3 damage, and have 27/47 hp.
Okay, then.
You completely miss the killer bee.
The killer bee is lightly wounded.
You closely miss the giant cockroach.
You feel sick.
The killer bee stings you but does no damage. x2
The giant cockroach bites you but does no damage.
The killer bee stings you.
The giant cockroach bites you but does no damage.
You take 4 damage, and have 23/47 hp.
You slash the killer bee! You drain the killer bee.
The killer bee is almost dead.
You hit the giant cockroach. You drain the giant cockroach.
You feel sick.
The killer bee stings you but does no damage. x2
The giant cockroach bites you but does no damage.
The killer bee barely misses you.
You slash the killer bee!
You kill the killer bee!
Trog accepts your kill.
You hit the giant cockroach but do no damage.
You feel sick.
The giant cockroach bites you but does no damage. x2
You take 2 damage, and have 21/47 hp.
You hit the giant cockroach.
You kill the giant cockroach!
Trog accepts your kill.
You feel sick. The ogre hits you with a +0 giant club!
* * * LOW HITPOINT WARNING * * *
You take 16 damage, and have 5/47 hp.
MASSIVE DAMAGE!!
You hit the ogre.
The ogre is moderately wounded.
You feel sick.
You are no longer poisoned.
You barely miss the ogre. You tail-slap the ogre.
The ogre is moderately wounded.
The ogre hits you with a +0 giant club!!
You die...

##### #.†.#
#.<.# #...# #
#...# ...
.###...###.....
......⌠†@O......
#.##....†##.....
##...## ###
##.## #. .. ..#
#+#


You could see an ogre.

Vanquished Creatures
  A water moccasin (D:3)
  3 killer bees (D:4)
  Jessica (D:2)
  An orc wizard (D:3)
  7 adders
  2 dart slugs
  3 orcs (D:3)
  6 ball pythons
  5 endoplasms
  5 giant cockroaches
  7 goblins
  3 hobgoblins
  6 kobolds
  5 quokkas (D:1)
  4 bats
  3 frilled lizards
  5 rats
67 creatures vanquished.

Notes
Turn   | Place    | Note
-------+----------+-------------------------------------------
     0 | D:1      | Dirtsage the Demonspawn Berserker began the quest for the
                  | Orb.
     0 | D:1      | Reached XP level 1. HP: 18/18 MP: 1/1
    98 | D:1      | Reached skill level 3 in Axes
   169 | D:1      | Gained mutation: You are partially covered in icy blue
                  | scales. (AC +2) [demonic ancestry]
   169 | D:1      | Reached XP level 2. HP: 24/24 MP: 2/2
   492 | D:1      | Found a faded altar of an unknown god.
   871 | D:2      | Reached ** piety under Trog
   909 | D:2      | Reached skill level 4 in Axes
   909 | D:2      | Gained mutation: Spells you cast may paralyse adjacent
                  | enemies. [demonic ancestry]
   909 | D:2      | Reached XP level 3. HP: 19/29 MP: 3/3
  1008 | D:2      | Noticed Jessica
  1016 | D:2      | Killed Jessica
  1068 | D:2      | Reached XP level 4. HP: 35/35 MP: 4/4
  1566 | D:3      | Reached skill level 5 in Axes
  1702 | D:3      | Noticed a water moccasin
  1706 | D:3      | Killed a water moccasin
  1707 | D:3      | Gained mutation: You have a small tail. [demonic ancestry]
  1707 | D:3      | Reached XP level 5. HP: 41/41 MP: 5/5
  1803 | D:3      | Reached *** piety under Trog
  1804 | D:3      | Reached skill level 6 in Axes
  1855 | D:3      | Found an iron altar of Okawaru.
  2044 | D:3      | Found a shadowy altar of Dithmenos.
  2088 | D:3      | Reached XP level 6. HP: 42/47 MP: 6/6
  2526 | D:4      | Mangled by an ogre

Illustrated notes

Levels and vault maps discovered:
D:1:      ncdulo_wetmaze, layout_basic, shapermc_ecumenical_altar_starsandcircs
D:2:      layout_loops_ring, minmay_door_square, uniq_jessica
D:3:      layout_basic, pf_just_have_faith, mainiacjoe_overflow_cross_hatched,
          glass_columns_a
D:4:      layout_gridville, gammafunk_temple_overflow_arena, hex_large,
          grunt_ministairs_14

Skill      XL: |  1  2  3  4  5 |
---------------+----------------+-----
Axes           | 3 4 5 6 |  6.9
Fighting       | |  3.0
Armour         | |  1.7
Dodging        | |  1.7

Action                     |  1- 3 |  4- 6 || total
---------------------------+-------+-------++-------
  Melee: Hand axe          |    68 |   105 ||   173
         Punch             |     1 |     2 ||     3
         Tailslap          |       |     4 ||     4
 Invoke: Berserk           |       |     2 ||     2
 Armour: Plate armour      |    64 |    87 ||   151
         Animal skin       |     1 |       ||     1
  Dodge: Dodged            |    16 |    36 ||    52

Table legend: (Time is in decaauts)
 A = Elapsed time spent in this place.
 B = Non-inter-level travel time spent in this place.
 C = Inter-level travel time spent in this place.
 D = Time resting spent in this place.
 E = Time spent auto-exploring this place.
 F = Levels seen in this place.
 G = Mean time per level.
                   A        B        C        D        E       F      G
               +--------+--------+--------+--------+--------+-----+--------+
         Total |   2553 |   2409 |    144 |     43 |   1979 |   4 |  638.2 |
       Dungeon |   2553 |   2409 |    144 |     43 |   1979 |   4 |  638.2 |
               +--------+--------+--------+--------+--------+-----+--------+

Top non-repeatable levels by time:
     D:3: 940 daAuts
     D:1: 861 daAuts
     D:2: 708 daAuts
     D:4: 43 daAuts
